 Dungeon Crawl Stone Soup version 0.26.0-10-g1f06aea511 (webtiles) character file.

Game seed: 9546389433848514037

2755 EnegeticOcto the Cleaver (level 9, 65/84 HPs)
             Began as a Deep Dwarf Fighter on Jan 14, 2021.
             Was a High Priest of Uskayaw.
             Quit the game on level 9 of the Dungeon.
             The game lasted 00:03:34 (4522 turns).

EnegeticOcto the Cleaver (Deep Dwarf Fighter)       Turns: 4522, Time: 00:03:35

Health: 65/84      AC: 12    Str: 24    XL:     9   Next: 41%
Magic:  8/8        EV:  8    Int:  8    God:    Uskayaw [*****.]
Gold:   1429       SH: 11    Dex: 12    Spells: 8/8 levels left

rFire    . . .     SeeInvis .   a - +2 war axe
rCold    + . .     Faith    +   c - +0 kite shield
rNeg     . . .     Spirit   .   u - +3 scale mail
rPois    .         Reflect  .   (no helmet)
rElec    .         Harm     .   g - +0 cloak
rCorr    .         Rampage  .   (no gloves)
Will     +....                  (no boots)
Stlth    ..........             j - amulet of faith
HPRegen  0.00/turn              z - ring of protection from cold
MPRegen  0.11/turn              (no ring)

@: non-regenerating, studying Fighting
A: damage resistance, heal wounds, sense surroundings 2, no regeneration
a: Heal Wounds, Renounce Religion, Stomp, Line Pass, Grand Finale


You were on level 9 of the Dungeon.
You worshipped Uskayaw.
Uskayaw was noncommittal.
You visited 2 branches of the dungeon, and saw 10 of its levels.

You collected 1429 gold pieces.

Inventory:

Hand Weapons
 a - a +2 war axe (weapon)
Armour
 b - a +0 scale mail
 c - a +0 kite shield (worn)
 g - a +0 cloak (worn)
 u - a +3 scale mail (worn)
Jewellery
 i - an uncursed amulet of regeneration
 j - an amulet of faith (around neck)
 k - a cursed -4 ring of protection
 p - an uncursed amulet of guardian spirit
 z - a ring of protection from cold (left hand)
 C - a cursed -4 ring of evasion {unknown}
Wands
 m - a wand of iceblast (10) {@v2}
 q - a wand of paralysis (8)
Scrolls
 h - 4 scrolls of remove curse {@r2}
 o - a scroll of immolation
 t - a scroll of fog
 y - a scroll of acquirement
 B - a scroll of noise {unknown}
Potions
 d - 5 potions of might {@q3}
 e - 9 potions of curing {@q1}
 f - 2 potions of heal wounds {@q2}
 l - 2 potions of haste {@q4}
 n - 3 potions of flight
 r - 2 potions of invisibility {unknown}
 v - a potion of attraction {unknown}
 w - 2 potions of degeneration {unknown}
 x - a potion of magic {unknown}
 A - a potion of berserk rage {unknown}
Books
 s - a manual of Fighting


   Skills:
 + Level 6.3 Fighting
 * Level 8.6 Axes
 + Level 6.7 Armour
 + Level 6.7 Shields
 * Level 6.2 Invocations


You had 8 spell levels left.
You didn't know any spells.
Your spell library was empty.

Dungeon Overview and Level Annotations

Branches:
Dungeon (9/15)             Temple (1/1) D:7
   Lair: D:8-11         Orc: D:9-12

Altars:
Ashenzari
Cheibriados
Dithmenos
Elyvilon
Fedhas
Gozag
Hepliaklqana
Kikubaaqudgha
Makhleb
Nemelex Xobeh
Okawaru
Qazlal
Ru
Sif Muna
Trog
Uskayaw
Vehumet
Xom
Yredelemnul
Zin
The Shining One

Portals:
Ossuary: D:4

Annotations:
D:8 exclusion: 2 doors
D:9 Prince Ribbit


Innate Abilities, Weirdness & Mutations

You are resistant to damage.
You can heal yourself by infusing magical energy.
You passively map the area around you.
You do not regenerate.


Message History

You closely miss the wight.
The wight is almost destroyed.
The wight hits you but does no damage.
You hit the wight but do no damage.
The wight is almost destroyed.
The wight hits you with a cursed +3 scimitar!
You feel drained. You block the wight's attack.
You closely miss the wight.
The wight is almost destroyed.
The wight hits you but does no damage. The wight barely misses you.
You closely miss the wight.
The wight is almost destroyed.
The wight hits you but does no damage. You block the wight's attack.
You slice the wight!!
You destroy the wight!
The wight barely misses you.
You slash the wight!
The wight is severely damaged.
The wight hits you but does no damage.
The wight hits you from afar with a +3 trident!
Uskayaw will force your foes to helplessly watch your dance.
You closely miss the wight.
The wight is severely damaged.
The wight barely misses you. The wight hits you but does no damage.
You closely miss the wight.
The wight is severely damaged.
You block the wight's attack.
You slice the wight!!
You destroy the wight!
You slash the wight! The wight barely misses you. You block the wight's attack.
Uskayaw will force your foes to share their pain.
Uskayaw links your audience in an emotional bond!
Your Invocations skill increases to level 6!
You barely miss the wight.
The wight is almost destroyed.
The wight hits you but does no damage. x2
You barely miss the wight.
The wight is almost destroyed.
You block the wight's attack. The wight closely misses you.
You slash the wight!
You destroy the wight!
The wight hits you from afar with a +3 trident!
Your life force feels restored.
You are too injured to fight recklessly!
You are too injured to fight recklessly!
You are too injured to fight recklessly!
You are too injured to fight recklessly!
You are too injured to fight recklessly!
You are too injured to fight recklessly!
You are too injured to fight recklessly!
You are too injured to fight recklessly!
You are too injured to fight recklessly!
You are too injured to fight recklessly!
You are too injured to fight recklessly!
You are too injured to fight recklessly!
You are too injured to fight recklessly!
You feel much better.
The wight is no longer sharing its pain.
The wight hits you but does no damage. You block the wight's attack.
You slash the wight!
The wight is heavily damaged.
The wight hits you with a +3 trident.
A wight comes into view.
It is wielding a +4 scimitar of freezing.
You can now merge with and destroy a victim.
You completely miss the wight.
The wight is heavily damaged.
The wight barely misses you.
You closely miss the wight.
The wight is heavily damaged.
The wight hits you with a +3 trident. You block the wight's attack.
You slice the wight!!
You destroy the wight!
You slash the wight! The wight barely misses you.
You hit the wight but do no damage.
The wight is heavily damaged.
You block the wight's attack.
You barely miss the wight.
The wight is heavily damaged.
The wight hits you with a cursed +4 scimitar of freezing.
Uskayaw prepares the audience for your solo!
The helpless wight fails to defend itself.
You slash the wight!
You destroy the wight!
No target in view!
No target in view!
No target in view!
No target in view!
No target in view!
No target in view!
No target in view!
You feel much better.
Things that are here:
a +3 trident; a +0 robe
Things that are here:
a cursed +4 scimitar of freezing; a +0 robe
Things that are here:
a +0 flail; a +0 robe
Items here: )) [[.
Are you sure you want to abandon this character and quit the game? (Confirm with "yes".)

#######################
*
......................,
, ...#..#..#..#.......#,
,
...#..#.....#.......#,,
, * *
......#.....#.......#..
,
.......................,
##.....#######...####'#
#.##..# #.))'..# , .#
,#.##.)# #.#@#..# , ...#
+...))##### #)#.####*
...# ######(...# #...# *
,+.#.# #....# #...#
##+###...# ###....#
#.#.# #........# #
#.....## #<#.#
#......#.# # #.....#
#...# #......#.#
#####.....#
#...####........#
'.........#
#.#.............#


There were no monsters in sight!

Vanquished Creatures
  An orc warrior (D:8)
  2 ice beasts (D:5)
  3 ogres
  3 centaurs
  A big kobold (D:9)
  4 bullfrogs
  6 scorpions
  9 killer bees
  5 wights (D:9)
  3 hounds
  A jelly (D:9)
  4 orc priests
  2 bullfrog skeletons
  4 orc wizards
  3 worker ants
  2 killer bee zombies
  A worker ant zombie (D:5)
  8 adders
  A shadow imp (D:5)
  2 oozes
  4 worms
  2 dart slugs (D:1)
  4 leopard geckos
  42 orcs
  2 bats
  2 giant cockroaches
  3 goblins
  12 hobgoblins
  6 jackals
  4 quokkas
  2 frilled lizards (D:3)
  12 kobolds
  A leopard gecko skeleton (D:5)
  6 rats
167 creatures vanquished.

Notes
Turn   | Place    | Note
-------+----------+-------------------------------------------
     0 | D:1      | EnegeticOcto the Deep Dwarf Fighter began the quest for the
                  | Orb.
     0 | D:1      | Reached XP level 1. HP: 20/20 MP: 1/1
   140 | D:1      | Reached XP level 2. HP: 16/27 MP: 2/2
   243 | D:1      | Reached XP level 3. HP: 18/33 MP: 3/3
   253 | D:2      | Reached skill level 3 in Axes
   574 | D:3      | Reached XP level 4. HP: 27/42 MP: 4/4
   705 | D:4      | Reached skill level 4 in Axes
   706 | D:4      | Reached XP level 5. HP: 43/49 MP: 5/5
   843 | D:4      | Found a sand-covered staircase.
   916 | D:4      | Reached XP level 6. HP: 32/57 MP: 6/6
   994 | D:4      | Reached skill level 5 in Axes
  1226 | D:5      | Entered Level 5 of the Dungeon
  1321 | D:5      | Found a glowing golden altar of the Shining One.
  1344 | D:5      | Noticed an ice beast
  1365 | D:5      | Killed an ice beast
  1366 | D:5      | Reached XP level 7. HP: 33/64 MP: 7/7
  1446 | D:5      | Reached skill level 5 in Armour
  1446 | D:5      | Reached skill level 5 in Shields
  1640 | D:5      | Reached skill level 6 in Axes
  1952 | D:6      | Found a sacrificial altar of Ru.
  1962 | D:6      | Found a blossoming altar of Fedhas.
  1963 | D:6      | Found a snail-covered altar of Cheibriados.
  2276 | D:6      | Found an opulent altar of Gozag.
  2476 | D:7      | Found a staircase to the Ecumenical Temple.
  2486 | Temple   | Entered the Ecumenical Temple
  2494 | Temple   | Became a worshipper of Ashenzari the Shackled
  2521 | Temple   | Fell from the grace of Ashenzari
  2521 | Temple   | Became a worshipper of Uskayaw the Reveller
  2589 | D:7      | Reached * piety under Uskayaw
  2610 | D:7      | Reached ** piety under Uskayaw
  2613 | D:7      | Reached skill level 1 in Invocations
  2613 | D:7      | Reached XP level 8. HP: 58/73 MP: 7/7
  2654 | D:7      | Found a sparkling altar of Nemelex Xobeh.
  2736 | D:7      | Identified 2 scrolls of acquirement
  2736 | D:7      | Acquired 956 gold pieces
  2737 | D:7      | Acquired a manual of Fighting
  2933 | D:8      | Reached *** piety under Uskayaw
  2934 | D:8      | Reached skill level 7 in Axes
  3127 | D:8      | Reached skill level 5 in Fighting
  3160 | D:8      | Reached **** piety under Uskayaw
  3172 | D:8      | Reached ***** piety under Uskayaw
  3297 | D:8      | Reached ****** piety under Uskayaw
  3786 | D:8      | Found a hazy altar of Hepliaklqana.
  4107 | D:9      | Noticed Prince Ribbit
  4111 | D:9      | Reached skill level 8 in Axes
  4184 | D:9      | Gained mutation: You passively map the area around you.
                  | [Deep Dwarf growth]
  4184 | D:9      | Reached XP level 9. HP: 74/82 MP: 7/7
  4190 | D:9      | Was forgiven by Ashenzari
  4190 | D:9      | Reached skill level 5 in Invocations
  4522 | D:9      | Quit the game

Illustrated notes

Levels and vault maps discovered:
D:1:      dpeg_arrival_prison, layout_loops_ring, serial_forest,
          infiniplex_forest_clump_large, infiniplex_forest_zigzag_2,
          infiniplex_forest_end_3, infiniplex_forest_zigzag_1,
          infiniplex_forest_lined_corner, infiniplex_forest_straight_5,
          infiniplex_forest_lined_ring, infiniplex_forest_clump_curved,
          minmay_statues_item, minmay_pentomino_t4
D:2:      layout_loops_ring
D:3:      layout_loops_ring, uniq_ijyb
D:4:      layout_rooms, nicolae_ossuary_entry_false_entrances
D:5:      layout_rooms, tso_metal_star, st_stairs_4
D:6:      layout_basic, nicolae_ru_awakened_eye, lemuel_round_altar,
          gammafunk_temple_overflow_pools
D:7:      layout_rooms, temple_pool_b, nemelex_diamond_rough_becter
D:8:      layout_layer_cave, nzn_hepliaklqana_mist_gate, special_room
          [special_room_orc], kennysheep_generic_room_12
D:9:      layout_stronghold, uniq_erolcha, uniq_prince_ribbit1
Temple:   nicolae_temple_x_marks_the_god

Skill      XL: |  1  2  3  4  5  6  7  8  9 |
---------------+----------------------------+-----
Axes           | 3 4 5 6 8 |  8.6
Fighting       | 3 4 5 6 |  6.3
Armour         | 4 5 6 |  6.7
Shields        | 4 5 6 |  6.7
Invocations    | 1 4 6 |  6.2

Action                   |  1- 3 |  4- 6 |  7- 9 || total
-------------------------+-------+-------+-------++-------
Melee: War axe           |   151 |   131 |   340 ||   622
 Abil: Heal Wounds       |     1 |     3 |    30 ||    34
  Use: Scroll            |       |     4 |    11 ||    15
 Stab: Paralysed         |       |       |    19 ||    19
Armor: Scale mail        |    69 |    54 |   182 ||   305
Dodge: Dodged            |    47 |    37 |   136 ||   220
Block: Kite shield       |    73 |    71 |   224 ||   368
